Match 45137992
Unlisted

Match 45137992
End
Kradschützen Motorcycle Team
Selects Panzerjäger Kommand Battlegroup
Panzergrenadier Squad
250 Light Carrier
Panzergrenadier Squad
Construct Light Support Kompanie
Panzerjäger Squad
Assault Mechanized Group
Selects Tank Busters
Selects Blockade Equipment
Combat Half-tracks
2.5-tonne Medical Truck
Selects Early Warning
Construct Mechanized Kompanie
8 Rad Armored Car
Marder III Tank Destroyer
8 Rad Armored Car
Support Armor Elements
Selects Crew Shock Tactics
Assault Mechanized Group
StuG III D Assault Gun
8 Rad Armored Car
Selects Butterfly Bomb Drop
Selects Anti-tank Overwatch
Butterfly Bomb Drop
Marder III Tank Destroyer
Butterfly Bomb Drop
Anti-tank Overwatch
Pak 38 Mechanized Group
Butterfly Bomb Drop
Panzerpioneer Squad
Anti-tank Overwatch
SoF Ya Nos
S🅱️inalla 🅿️itBox
LanHarasaki
WhereIsDonLewis?
0
0

Comments sign in to comment!

No comments posted yet!